[Event "Caplin Hastings Masters 2023-24"]
[Site "Hastings"]
[Date "2023.12.28"]
[Round "1.1"]
[White "Sulskis, Sarunas"]
[Black "Pert, Max"]
[Result "1-0"]
[ECO "D44"]
[WhiteElo "2490"]
[BlackElo "1950"]
[Annotator "ChessBase"]
[PlyCount "41"]
[EventDate "2023.12.18"]
[EventType "swiss"]
[EventCountry "ENG"]
[SourceTitle "playchess.com"]
[Source "ChessBase"]
[SourceQuality "1"]
[TimeControl "40/6000+30:3000+30"]

1. d4 d5 2. c4 e6 3. Nf3 Nf6 4. Bg5 dxc4 5. Nc3 c6 6. a4 Bb4 7. e4 b5 8. e5 h6 9. exf6 hxg5 10. fxg7 Rg8 11. g3 Bb7 12. Bg2 Nd7 13. h4 gxh4 14. Rxh4 Bxc3+ 15. bxc3 Qa5 16. axb5 Qxb5 17. Rb1 Qa6 18. Ne5 Nxe5 19. dxe5 Rd8 20. Rh8 Rxd1+ 21. Kxd1 1-0

[Event "Caplin Hastings Masters 2023-24"]
[Site "Hastings"]
[Date "2023.12.28"]
[Round "1.2"]
[White "Lagarde, Maxime"]
[Black "Binks, Michael"]
[Result "1-0"]
[ECO "B10"]
[WhiteElo "2640"]
[BlackElo "2035"]
[Annotator "ChessBase"]
[PlyCount "59"]
[EventDate "2023.12.18"]
[EventType "swiss"]
[EventCountry "ENG"]
[SourceTitle "playchess.com"]
[Source "ChessBase"]
[SourceQuality "1"]
[TimeControl "40/6000+30:3000+30"]

1. e4 c6 2. Nf3 d5 3. e5 Bg4 4. d4 e6 5. c3 c5 6. dxc5 Nc6 7. Be3 Bxf3 8. Qxf3 Nxe5 9. Bb5+ Nc6 10. c4 Qf6 11. cxd5 Qxf3 12. gxf3 exd5 13. Nc3 O-O-O 14. O-O-O Nge7 15. Bxc6 bxc6 16. Ne2 Nf5 17. b4 Be7 18. Nd4 Nxe3 19. fxe3 Kc7 20. Kc2 Bf6 21. Nf5 a5 22. b5 cxb5 23. Nd6 Rd7 24. Nxb5+ Kc6 25. a4 Kxc5 26. Kd3 Re8 27. Rb1 Ree7 28. Rhc1+ Kb6 29. Nd6+ Ka6 30. Rc6+ 1-0

[Event "Caplin Hastings Masters 2023-24"]
[Site "Hastings"]
[Date "2023.12.28"]
[Round "1.3"]
[White "Liu, Tianyi"]
[Black "Gupta, Abhijeet"]
[Result "0-1"]
[ECO "B94"]
[WhiteElo "2022"]
[BlackElo "2596"]
[Annotator "ChessBase"]
[PlyCount "140"]
[EventDate "2023.12.18"]
[EventType "swiss"]
[EventCountry "ENG"]
[SourceTitle "playchess.com"]
[Source "ChessBase"]
[SourceQuality "1"]
[TimeControl "40/6000+30:3000+30"]

1. e4 c5 2. Nf3 d6 3. d4 cxd4 4. Nxd4 Nf6 5. Nc3 a6 6. Bg5 Nbd7 7. Qe2 h6 8. Bh4 b5 9. f4 g5 10. fxg5 hxg5 11. Bxg5 Bb7 12. O-O-O e6 13. h4 Rc8 14. Rh3 Be7 15. a3 Ne5 16. Kb1 Qb6 17. Qe1 Ba8 18. Nb3 Nfg4 19. Qd2 f6 20. Be3 Nxe3 21. Rxe3 Rxh4 22. Rh3 Rxh3 23. gxh3 Kd7 24. Nd4 Rh8 25. Qe1 Rb8 26. h4 b4 27. Na4 Qb7 28. Bh3 bxa3 29. Nxe6 Ke8 30. Qg1 Bf8 31. Qg8 Qf7 32. Qxf8+ Qxf8 33. Nxf8 Bc6 34. Nd7 Nxd7 35. Bxd7+ Kxd7 36. Rd4 Ke6 37. Ka2 Ke5 38. c3 Bxe4 39. Kxa3 f5 40. b4 f4 41. Nb2 d5 42. Rd2 f3 43. c4 d4 44. c5 Kd5 45. h5 Rg8 46. Nd1 Kc4 47. Nf2 Bf5 48. Nd1 Rg2 49. Rf2 Be4 50. h6 Kb5 51. h7 Bxh7 52. Rxf3 Be4 53. Rf6 Rg3+ 54. Kb2 Kxb4 55. c6 Rg2+ 56. Rf2 Bxc6 57. Rxg2 Bxg2 58. Nf2 Kc4 59. Ng4 Kd5 60. Nf2 Be4 61. Ng4 Bf5 62. Nf2 Kc4 63. Nh1 Kd3 64. Ng3 Bg6 65. Kc1 a5 66. Nf1 a4 67. Ng3 a3 68. Ne2 Ke3 69. Ng3 a2 70. Kb2 Kf2 0-1

[Event "Caplin Hastings Masters 2023-24"]
[Site "Hastings"]
[Date "2023.12.28"]
[Round "1.4"]
[White "Zhang, Pengxiang"]
[Black "White, Stuart A"]
[Result "1-0"]
[ECO "B95"]
[WhiteElo "2558"]
[BlackElo "2014"]
[Annotator "ChessBase"]
[PlyCount "91"]
[EventDate "2023.12.18"]
[EventType "swiss"]
[EventCountry "ENG"]
[SourceTitle "playchess.com"]
[Source "ChessBase"]
[SourceQuality "1"]
[TimeControl "40/6000+30:3000+30"]

1. e4 c5 2. Nf3 d6 3. d4 cxd4 4. Nxd4 Nf6 5. Nc3 a6 6. Bg5 e6 7. Qe2 Be7 8. h4 Nbd7 9. O-O-O Qc7 10. g4 b5 11. a3 Bb7 12. f4 Rc8 13. Bg2 Qc4 14. Bf3 Qxe2 15. Ndxe2 Nc5 16. Bxf6 gxf6 17. f5 Nd7 18. Bg2 Rg8 19. fxe6 fxe6 20. Nd4 Nf8 21. Bh3 Rxc3 22. bxc3 Bxe4 23. Rhe1 d5 24. Kb2 Kf7 25. Rxe4 dxe4 26. Re1 h5 27. Rxe4 hxg4 28. Bxg4 f5 29. Bxf5 exf5 30. Nxf5 Bxa3+ 31. Kxa3 Rg2 32. Nd4 Rh2 33. Kb4 Rh3 34. Ka5 Rxc3 35. Kxa6 Rh3 36. Nxb5 Ng6 37. c4 Nxh4 38. c5 Nf5 39. c6 Ne7 40. c7 Rh8 41. Nd6+ Kf6 42. Re1 Rg8 43. Kb7 Rh8 44. Ne4+ Ke5 45. Ng5+ Kf6 46. Re6+ 1-0

[Event "Caplin Hastings Masters 2023-24"]
[Site "Hastings"]
[Date "2023.12.28"]
[Round "1.5"]
[White "Hng, Mei-Xian Eunice"]
[Black "Jacobson, Brandon"]
[Result "0-1"]
[ECO "B21"]
[WhiteElo "2014"]
[BlackElo "2538"]
[Annotator "ChessBase"]
[PlyCount "68"]
[EventDate "2023.12.18"]
[EventType "swiss"]
[EventCountry "ENG"]
[SourceTitle "playchess.com"]
[Source "ChessBase"]
[SourceQuality "1"]
[TimeControl "40/6000+30:3000+30"]

1. e4 c5 2. d4 cxd4 3. c3 dxc3 4. Nxc3 Nc6 5. Bc4 d6 6. Nf3 a6 7. O-O Nf6 8. Bf4 Bg4 9. h3 Bxf3 10. Qxf3 e6 11. Rfd1 Qa5 12. Be2 Qb6 13. Qd3 Be7 14. a3 O-O 15. b4 Rac8 16. Rac1 Ne5 17. Qg3 Ng6 18. Be3 Qd8 19. Bc5 Rc6 20. e5 Nxe5 21. Qxe5 dxe5 22. Rxd8 Bxd8 23. Bxf8 Kxf8 24. Na2 Rxc1+ 25. Nxc1 Bb6 26. Nb3 e4 27. a4 Nd5 28. a5 Ba7 29. b5 axb5 30. Bxb5 Ke7 31. Kf1 Nc3 32. Bc4 Nd1 33. a6 bxa6 34. Bxa6 Nxf2 0-1

[Event "Caplin Hastings Masters 2023-24"]
[Site "Hastings"]
[Date "2023.12.28"]
[Round "1.6"]
[White "Edouard, Romain"]
[Black "Thompson, Ian D"]
[Result "1-0"]
[ECO "D43"]
[WhiteElo "2527"]
[BlackElo "2011"]
[Annotator "ChessBase"]
[PlyCount "51"]
[EventDate "2023.12.18"]
[EventType "swiss"]
[EventCountry "ENG"]
[SourceTitle "playchess.com"]
[Source "ChessBase"]
[SourceQuality "1"]
[TimeControl "40/6000+30:3000+30"]

1. Nf3 d5 2. c4 e6 3. d4 Nf6 4. Nc3 c6 5. Bg5 h6 6. Bh4 dxc4 7. e4 g5 8. Bg3 b5 9. Be2 Bb7 10. Qc2 Nbd7 11. Nd2 a6 12. Rd1 Qa5 13. O-O c5 14. d5 e5 15. Rfe1 h5 16. h4 g4 17. a4 Bd6 18. Ra1 Qb6 19. axb5 axb5 20. Bxc4 Rxa1 21. Rxa1 Ba6 22. Qb3 O-O 23. Bxb5 Bxb5 24. Qxb5 Qc7 25. Nc4 Rc8 26. Qa6 1-0

[Event "Caplin Hastings Masters 2023-24"]
[Site "Hastings"]
[Date "2023.12.28"]
[Round "1.7"]
[White "ONUOHA, Obioma"]
[Black "Laurent-Paoli, Pierre"]
[Result "0-1"]
[ECO "B33"]
[WhiteElo "1995"]
[BlackElo "2524"]
[Annotator "ChessBase"]
[PlyCount "80"]
[EventDate "2023.12.18"]
[EventType "swiss"]
[EventCountry "ENG"]
[SourceTitle "playchess.com"]
[Source "ChessBase"]
[SourceQuality "1"]
[TimeControl "40/6000+30:3000+30"]

1. e4 c5 2. Nf3 Nc6 3. d4 cxd4 4. Nxd4 Nf6 5. Nc3 e5 6. Nxc6 bxc6 7. Bc4 Bb4 8. O-O O-O 9. Bg5 h6 10. Bxf6 Qxf6 11. Qd3 a5 12. Rad1 a4 13. a3 Bc5 14. Qg3 d6 15. Rd3 h5 16. h4 Bg4 17. Kh1 Rfb8 18. b4 axb3 19. Bxb3 Rxa3 20. f3 Bc8 21. Rb1 Rba8 22. Bc4 g6 23. Ne2 R3a4 24. Bb3 Ra1 25. Rdd1 Rxb1 26. Rxb1 Kg7 27. Ng1 Be6 28. Rf1 Bxb3 29. cxb3 Ra3 30. Rb1 Qe6 31. f4 exf4 32. Qxf4 Rxb3 33. Rxb3 Qxb3 34. Nf3 Qe3 35. Qxe3 Bxe3 36. g3 f5 37. exf5 gxf5 38. Kg2 Kf6 39. Kf1 c5 40. Ke2 Bd4 0-1

[Event "Caplin Hastings Masters 2023-24"]
[Site "Hastings"]
[Date "2023.12.28"]
[Round "1.8"]
[White "Mikhalevski, Victor"]
[Black "Steiners, Emils"]
[Result "1-0"]
[ECO "A13"]
[WhiteElo "2524"]
[BlackElo "1993"]
[Annotator "ChessBase"]
[PlyCount "103"]
[EventDate "2023.12.18"]
[EventType "swiss"]
[EventCountry "ENG"]
[SourceTitle "playchess.com"]
[Source "ChessBase"]
[SourceQuality "1"]
[TimeControl "40/6000+30:3000+30"]

1. c4 e6 2. g3 Nf6 3. Bg2 d5 4. Nf3 d4 5. d3 Bb4+ 6. Nbd2 a5 7. a3 Be7 8. Nb3 c5 9. e4 a4 10. Nbd2 Nc6 11. Nh4 Nd7 12. O-O Bxh4 13. gxh4 Qxh4 14. f4 e5 15. Nf3 Qe7 16. Qe1 f6 17. Qg3 O-O 18. Nh4 exf4 19. Bxf4 Nde5 20. Nf5 Bxf5 21. exf5 Rad8 22. Bd5+ Rxd5 23. cxd5 Nb8 24. Bxe5 fxe5 25. f6 Rxf6 26. Rxf6 Qxf6 27. Qh3 Qg6+ 28. Kh1 Qe8 29. Rf1 Nd7 30. Qe6+ Qxe6 31. dxe6 Nf6 32. Rf5 c4 33. e7 Kf7 34. Rxe5 cxd3 35. e8=Q+ Nxe8 36. Re4 Nd6 37. Rxd4 Ke6 38. Rxd3 Nc4 39. b3 axb3 40. Rxb3 b6 41. a4 Kd6 42. Rh3 g6 43. Rxh7 Ne5 44. Kg2 Kc5 45. Kg3 Kb4 46. Re7 Nd3 47. Re6 Kxa4 48. Rxb6 g5 49. Kg4 Ne5+ 50. Kxg5 Nf3+ 51. Kf4 Nxh2 52. Rb1 1-0

[Event "Caplin Hastings Masters 2023-24"]
[Site "Hastings"]
[Date "2023.12.28"]
[Round "1.9"]
[White "Banerjee, Supratit"]
[Black "Ghasi, Ameet K"]
[Result "1/2-1/2"]
[ECO "B15"]
[WhiteElo "1974"]
[BlackElo "2509"]
[Annotator "ChessBase"]
[PlyCount "97"]
[EventDate "2023.12.18"]
[EventType "swiss"]
[EventCountry "ENG"]
[SourceTitle "playchess.com"]
[Source "ChessBase"]
[SourceQuality "1"]
[TimeControl "40/6000+30:3000+30"]

1. e4 c6 2. d4 d5 3. Nd2 dxe4 4. Nxe4 Nf6 5. Nxf6+ exf6 6. c3 Bd6 7. Bd3 O-O 8. Ne2 Re8 9. O-O Nd7 10. Bf4 Nf8 11. Bxd6 Qxd6 12. Qd2 Ng6 13. Rfe1 Bg4 14. Ng3 b6 15. Rxe8+ Rxe8 16. Re1 Rd8 17. Qc2 Be6 18. b4 Qc7 19. Bf5 Nf8 20. Bxe6 Nxe6 21. Qe4 g6 22. h4 h5 23. Qf3 Kg7 24. Ne4 Qf4 25. Qxf4 Nxf4 26. Nd2 Nd5 27. Rc1 g5 28. hxg5 fxg5 29. g3 Re8 30. Kf1 f6 31. a3 Kg6 32. c4 Nc7 33. Nf3 Kf5 34. Rd1 Rd8 35. Kg2 Rd7 36. Re1 Ne6 37. Rd1 h4 38. d5 h3+ 39. Kh2 cxd5 40. cxd5 Nc7 41. Nd4+ Kg6 42. Nc6 g4 43. Rd4 Kg5 44. d6 Ne6 45. Rd5+ Kg6 46. Nb8 Rb7 47. Nc6 Rd7 48. Nb8 Rd8 49. Nc6 1/2-1/2

[Event "Caplin Hastings Masters 2023-24"]
[Site "Hastings"]
[Date "2023.12.28"]
[Round "1.10"]
[White "Petrov, Martin"]
[Black "Gordon, Sean"]
[Result "1-0"]
[ECO "C10"]
[WhiteElo "2501"]
[BlackElo "1968"]
[Annotator "ChessBase"]
[PlyCount "57"]
[EventDate "2023.12.18"]
[EventType "swiss"]
[EventCountry "ENG"]
[SourceTitle "playchess.com"]
[Source "ChessBase"]
[SourceQuality "1"]
[TimeControl "40/6000+30:3000+30"]

1. e4 e6 2. d4 d5 3. Nc3 dxe4 4. Nxe4 Nd7 5. Bd3 Ngf6 6. Qe2 Nxe4 7. Bxe4 Nf6 8. Bxb7 Bxb7 9. Qb5+ Qd7 10. Qxb7 Qd5 11. Qxd5 Nxd5 12. Nf3 Be7 13. Ke2 O-O 14. Rd1 a5 15. c4 Nb6 16. Ne5 Bf6 17. b3 a4 18. Ba3 Rfe8 19. Bc5 g6 20. Bxb6 Bxe5 21. dxe5 cxb6 22. b4 Rec8 23. Rac1 Rc6 24. Rd6 Rac8 25. c5 bxc5 26. Rxc6 Rxc6 27. Rxc5 Rb6 28. b5 Kg7 29. Kd3 1-0

[Event "Caplin Hastings Masters 2023-24"]
[Site "Hastings"]
[Date "2023.12.28"]
[Round "1.11"]
[White "Sugden, John N"]
[Black "Sengupta, Deep"]
[Result "0-1"]
[ECO "D48"]
[WhiteElo "1968"]
[BlackElo "2501"]
[Annotator "ChessBase"]
[PlyCount "48"]
[EventDate "2023.12.18"]
[EventType "swiss"]
[EventCountry "ENG"]
[SourceTitle "playchess.com"]
[Source "ChessBase"]
[SourceQuality "1"]
[TimeControl "40/6000+30:3000+30"]

1. d4 d5 2. c4 e6 3. Nc3 c6 4. e3 Nf6 5. Nf3 Nbd7 6. Bd3 dxc4 7. Bxc4 b5 8. Bd3 Bb7 9. O-O a6 10. a4 b4 11. Ne4 c5 12. Nxf6+ gxf6 13. Qe2 Bd6 14. Bd2 Qa5 15. b3 Rg8 16. Ne1 cxd4 17. f4 Nc5 18. Bc4 d3 19. Qh5 Nxb3 20. Qxh7 Nxd2 21. Qxg8+ Ke7 22. Qh7 Be4 23. Qh3 Nxc4 24. Kh1 b3 0-1

[Event "Caplin Hastings Masters 2023-24"]
[Site "Hastings"]
[Date "2023.12.28"]
[Round "1.12"]
[White "Rami, Talab"]
[Black "Gasanov, Eldar"]
[Result "0-1"]
[ECO "B06"]
[WhiteElo "1947"]
[BlackElo "2487"]
[Annotator "ChessBase"]
[PlyCount "52"]
[EventDate "2023.12.18"]
[EventType "swiss"]
[EventCountry "ENG"]
[SourceTitle "playchess.com"]
[Source "ChessBase"]
[SourceQuality "1"]
[TimeControl "40/6000+30:3000+30"]

1. e4 c5 2. Nf3 g6 3. c3 d5 4. exd5 Qxd5 5. d4 Bg7 6. dxc5 Qxc5 7. Be3 Qc7 8. Bd3 Nf6 9. O-O O-O 10. Qe2 Nc6 11. Nbd2 Nd5 12. Be4 Nxe3 13. Qxe3 Bd7 14. Rfe1 e6 15. Rad1 Rfd8 16. b4 Rac8 17. a3 b6 18. c4 a5 19. Rb1 Be8 20. Rec1 Nd4 21. c5 axb4 22. axb4 f5 23. cxb6 Qxc1+ 24. Rxc1 Rxc1+ 25. Nf1 f4 26. Nxd4 fxe3 0-1

[Event "Caplin Hastings Masters 2023-24"]
[Site "Hastings"]
[Date "2023.12.28"]
[Round "1.13"]
[White "Wadsworth, Matthew J"]
[Black "Batchelor, Paul A"]
[Result "1-0"]
[ECO "A37"]
[WhiteElo "2448"]
[BlackElo "1937"]
[Annotator "ChessBase"]
[PlyCount "127"]
[EventDate "2023.12.18"]
[EventType "swiss"]
[EventCountry "ENG"]
[SourceTitle "playchess.com"]
[Source "ChessBase"]
[SourceQuality "1"]
[TimeControl "40/6000+30:3000+30"]

1. Nf3 c5 2. c4 Nc6 3. Nc3 g6 4. g3 Bg7 5. Bg2 e6 6. h4 h5 7. d3 Nge7 8. Bg5 d5 9. cxd5 exd5 10. O-O O-O 11. d4 cxd4 12. Nb5 Qb6 13. a4 a6 14. Nd6 Be6 15. a5 Qc7 16. Bf4 Qd7 17. Qb3 Ra7 18. Rfc1 Nc8 19. Nxc8 Rxc8 20. Ng5 Raa8 21. Rc5 Ne7 22. Rac1 Rxc5 23. Rxc5 Rc8 24. Rxc8+ Nxc8 25. Qc2 Ne7 26. b4 Qc6 27. Qd1 Qc3 28. Nxe6 fxe6 29. Bh3 Nf5 30. Qb1 Bf8 31. b5 Bb4 32. bxa6 bxa6 33. Bf1 Kf7 34. Be5 Qc5 35. Bh3 Qxa5 36. Bxf5 exf5 37. Qc1 Qd8 38. Qc6 a5 39. Bxd4 Be7 40. e3 Qd6 41. Qa8 Qd8 42. Qa7 Qd6 43. Qxa5 Bf6 44. Qa7+ Qe7 45. Qa8 Qd7 46. Bc5 Be7 47. Bb6 Bf6 48. Qa5 Kg7 49. Qb4 Qf7 50. Qd6 Qb7 51. Bc5 Qf7 52. Kg2 Kh7 53. Kf3 Bg7 54. Bd4 Bxd4 55. exd4 f4 56. Qxf4 Qe6 57. Qc7+ Kg8 58. Qe5 Qg4+ 59. Ke3 Qd7 60. Qf6 Kh7 61. Kf4 Qg4+ 62. Ke5 Qe4+ 63. Kd6 Kg8 64. Qe6+ 1-0

[Event "Caplin Hastings Masters 2023-24"]
[Site "Hastings"]
[Date "2023.12.28"]
[Round "1.14"]
[White "Fryer, David W"]
[Black "Gormally, Daniel W"]
[Result "0-1"]
[ECO "B90"]
[WhiteElo "1914"]
[BlackElo "2442"]
[Annotator "ChessBase"]
[PlyCount "62"]
[EventDate "2023.12.18"]
[EventType "swiss"]
[EventCountry "ENG"]
[SourceTitle "playchess.com"]
[Source "ChessBase"]
[SourceQuality "1"]
[TimeControl "40/6000+30:3000+30"]

1. e4 c5 2. Nf3 d6 3. d4 cxd4 4. Nxd4 Nf6 5. Nc3 a6 6. Rg1 b5 7. g4 Bb7 8. Qe2 g6 9. g5 Nfd7 10. Be3 Bg7 11. O-O-O Nb6 12. f4 N8d7 13. f5 Rc8 14. Bh3 Rxc3 15. bxc3 Qc7 16. f6 exf6 17. Nf5 gxf5 18. exf5 Ne5 19. Bg2 Nbc4 20. Bf4 fxg5 21. Bxg5 Qa5 22. Kb1 Qxc3 23. Bc1 Qb4+ 24. Ka1 O-O 25. c3 Qxc3+ 26. Bb2 Nxb2 27. Qxb2 Nf3 28. f6 Qxf6 29. Qxf6 Bxf6+ 30. Kb1 Be4+ 31. Kc1 Rc8# 0-1

[Event "Caplin Hastings Masters 2023-24"]
[Site "Hastings"]
[Date "2023.12.28"]
[Round "1.15"]
[White "Royal, Shreyas"]
[Black "Honey, Luke Anthony"]
[Result "1-0"]
[ECO "D11"]
[WhiteElo "2438"]
[BlackElo "1907"]
[Annotator "ChessBase"]
[PlyCount "95"]
[EventDate "2023.12.18"]
[EventType "swiss"]
[EventCountry "ENG"]
[SourceTitle "playchess.com"]
[Source "ChessBase"]
[SourceQuality "1"]
[TimeControl "40/6000+30:3000+30"]

1. Nf3 d5 2. d4 Nf6 3. c4 c6 4. e3 Bg4 5. Nc3 e6 6. h3 Bh5 7. Qb3 Qc7 8. Ne5 Nbd7 9. g4 Bg6 10. Nxg6 hxg6 11. Bg2 Be7 12. Bd2 Nb6 13. cxd5 exd5 14. O-O-O Nc4 15. Be1 Nd6 16. f3 Qb6 17. e4 Qxb3 18. axb3 dxe4 19. fxe4 Nd7 20. Bg3 Nb6 21. Rhf1 O-O 22. e5 Ne8 23. d5 cxd5 24. Nxd5 Nxd5 25. Rxd5 Rc8+ 26. Kb1 Rd8 27. Rc1 b6 28. Be1 a5 29. Rc6 Rxd5 30. Bxd5 Bd8 31. Bc4 Nc7 32. Rxb6 Nd5 33. Ra6 Nb4 34. Rxg6 Bc7 35. e6 Kh7 36. Rg5 fxe6 37. Bc3 g6 38. Rb5 Rb8 39. Rxb8 Bxb8 40. Bxe6 Bf4 41. Bf6 Bd2 42. h4 Kh6 43. Bc4 Kh7 44. g5 Be1 45. h5 Bd2 46. Bf7 Bxg5 47. hxg6+ Kh6 48. Bxg5+ 1-0

[Event "Caplin Hastings Masters 2023-24"]
[Site "Hastings"]
[Date "2023.12.28"]
[Round "1.16"]
[White "Norinkeviciute, Rasa"]
[Black "Willow, Jonah B"]
[Result "0-1"]
[ECO "A13"]
[WhiteElo "1905"]
[BlackElo "2427"]
[Annotator "ChessBase"]
[PlyCount "112"]
[EventDate "2023.12.18"]
[EventType "swiss"]
[EventCountry "ENG"]
[SourceTitle "playchess.com"]
[Source "ChessBase"]
[SourceQuality "1"]
[TimeControl "40/6000+30:3000+30"]

1. c4 e6 2. g3 d5 3. Bg2 d4 4. d3 Nc6 5. Nf3 Bb4+ 6. Nbd2 a5 7. O-O Nf6 8. a3 Be7 9. Re1 O-O 10. Nf1 Nd7 11. Rb1 e5 12. e3 a4 13. exd4 exd4 14. N1d2 Nc5 15. Ne4 Nxe4 16. Rxe4 Bf5 17. Re1 Na5 18. Re5 Be6 19. Re4 Bf6 20. Bf4 c5 21. Be5 Be7 22. h4 Qd7 23. Bf4 Bf5 24. Ne5 Qd8 25. Re1 Bd6 26. Bd5 Be6 27. Bg2 Qc7 28. Qf3 Rfe8 29. h5 Bf5 30. Ng4 Bxf4 31. gxf4 Qd6 32. Qg3 Rab8 33. h6 Bxg4 34. f3 Qxh6 35. fxg4 Qd6 36. Qf2 Nc6 37. Re4 Rxe4 38. Bxe4 Ne7 39. Rf1 f5 40. gxf5 Qf6 41. Qf3 Nxf5 42. Rf2 Re8 43. Qh3 g6 44. Rg2 Ne3 45. Rh2 h5 46. Qg3 Ng4 47. Rh4 Kg7 48. Kg2 Ne3+ 49. Kg1 Nf5 50. Bxf5 Qxf5 51. Qf3 Kh6 52. Rh2 Re1+ 53. Kg2 Re3 54. Qxb7 Qg4+ 55. Kf1 Qd1+ 56. Kg2 Qd2+ 0-1

[Event "Caplin Hastings Masters 2023-24"]
[Site "Hastings"]
[Date "2023.12.28"]
[Round "1.17"]
[White "Gallagher, Joseph G."]
[Black "Suez-Panama, Gilles"]
[Result "1-0"]
[ECO "C04"]
[WhiteElo "2427"]
[BlackElo "1868"]
[Annotator "ChessBase"]
[PlyCount "77"]
[EventDate "2023.12.18"]
[EventType "swiss"]
[EventCountry "ENG"]
[SourceTitle "playchess.com"]
[Source "ChessBase"]
[SourceQuality "1"]
[TimeControl "40/6000+30:3000+30"]

1. e4 e6 2. d4 d5 3. Nd2 Nc6 4. Ngf3 Nf6 5. e5 Nd7 6. Bd3 Nb4 7. Be2 c5 8. c3 Nc6 9. O-O f6 10. exf6 Qxf6 11. Nb3 Bd6 12. Bg5 Qf7 13. c4 O-O 14. Be3 cxd4 15. Nbxd4 Nxd4 16. Nxd4 Nf6 17. Qb3 Kh8 18. Rac1 Ne4 19. Bf3 Qg6 20. cxd5 e5 21. Bxe4 Qxe4 22. Nb5 Rf6 23. f3 Qg6 24. Nxd6 Rxd6 25. Bc5 Bh3 26. Rf2 Rc8 27. Qxb7 Rb6 28. Qxc8+ Bxc8 29. Bxb6 Bb7 30. Bxa7 Bxd5 31. a3 h5 32. Re1 e4 33. fxe4 Bxe4 34. Bd4 h4 35. h3 Kh7 36. Ree2 Qc6 37. Rf7 Qc1+ 38. Kh2 Bg6 39. Rxg7+ 1-0

[Event "Caplin Hastings Masters 2023-24"]
[Site "Hastings"]
[Date "2023.12.28"]
[Round "1.18"]
[White "Ortiz Sanchez, Luis"]
[Black "Boyer, Mahel"]
[Result "1/2-1/2"]
[ECO "C01"]
[WhiteElo "1863"]
[BlackElo "2427"]
[Annotator "ChessBase"]
[PlyCount "89"]
[EventDate "2023.12.18"]
[EventType "swiss"]
[EventCountry "ENG"]
[SourceTitle "playchess.com"]
[Source "ChessBase"]
[SourceQuality "1"]
[TimeControl "40/6000+30:3000+30"]

1. e4 e6 2. d4 d5 3. exd5 exd5 4. Nf3 Bd6 5. Bd3 Ne7 6. O-O O-O 7. c4 dxc4 8. Bxc4 Nbc6 9. h3 Bf5 10. Nc3 h6 11. Nb5 a6 12. Nxd6 Qxd6 13. b3 Rad8 14. Bb2 Qg6 15. Kh1 b5 16. Be2 Be4 17. Rg1 Nf5 18. Rc1 Rd7 19. Rxc6 Qxc6 20. Ne5 Qe6 21. Nxd7 Qxd7 22. Bg4 h5 23. Bxf5 Qxf5 24. f3 Bd5 25. Re1 f6 26. Ba3 Ra8 27. Qe2 c6 28. Bc5 a5 29. b4 axb4 30. Bxb4 Rxa2 31. Qe3 Rb2 32. Bd6 b4 33. Re2 Rb1+ 34. Kh2 b3 35. Qe8+ Kh7 36. Qb8 Bf7 37. Ba3 Bd5 38. Re8 Ra1 39. h4 Kg6 40. Rh8 Rxa3 41. Qg3+ Kf7 42. Qc7+ Kg6 43. Qg3+ Kf7 44. Qc7+ Kg6 45. Qg3+ 1/2-1/2

[Event "Caplin Hastings Masters 2023-24"]
[Site "Hastings"]
[Date "2023.12.28"]
[Round "1.19"]
[White "Cherniaev, Alexander"]
[Black "Teh, Wee Zhun"]
[Result "1-0"]
[ECO "A11"]
[WhiteElo "2381"]
[BlackElo "1858"]
[Annotator "ChessBase"]
[PlyCount "111"]
[EventDate "2023.12.18"]
[EventType "swiss"]
[EventCountry "ENG"]
[SourceTitle "playchess.com"]
[Source "ChessBase"]
[SourceQuality "1"]
[TimeControl "40/6000+30:3000+30"]

1. Nf3 d5 2. g3 c6 3. Bg2 Nf6 4. c4 dxc4 5. Na3 b5 6. d3 e6 7. O-O cxd3 8. Ne5 Bxa3 9. Nxc6 Nxc6 10. Bxc6+ Bd7 11. Bxa8 Bc5 12. Bg2 dxe2 13. Qxe2 h6 14. Be3 Qb6 15. Bxc5 Qxc5 16. Rac1 Qb6 17. Rfd1 O-O 18. Qe3 Qa5 19. a3 b4 20. Qd2 Rb8 21. Rc4 Ba4 22. Rxb4 Rxb4 23. Qd8+ Qxd8 24. Rxd8+ Kh7 25. axb4 Bb5 26. Ra8 a6 27. Bf1 Nd5 28. Bxb5 axb5 29. Rb8 Nxb4 30. Rxb5 Nc6 31. Rc5 Nb4 32. Rc4 Nd5 33. Kf1 Kg6 34. Ke2 Kf6 35. Ra4 g5 36. Ra7 Kg6 37. Rd7 Nb6 38. Rb7 Nd5 39. Kd3 f6 40. Kd4 h5 41. b4 h4 42. g4 h3 43. Ke4 Nc3+ 44. Kf3 f5 45. b5 f4 46. b6 Nd5 47. Rg7+ Kxg7 48. b7 Ne7 49. b8=Q Ng6 50. Ke4 Nf8 51. Qd8 Nh7 52. Ke5 Kf7 53. Qd7+ Kg8 54. Qxe6+ Kg7 55. Kf5 Kf8 56. Kg6 1-0

[Event "Caplin Hastings Masters 2023-24"]
[Site "Hastings"]
[Date "2023.12.28"]
[Round "1.20"]
[White "Sivanandan, Bodhana"]
[Black "Derakhshani, Borna"]
[Result "0-1"]
[ECO "B23"]
[WhiteElo "1857"]
[BlackElo "2380"]
[Annotator "ChessBase"]
[PlyCount "118"]
[EventDate "2023.12.18"]
[EventType "swiss"]
[EventCountry "ENG"]
[SourceTitle "playchess.com"]
[Source "ChessBase"]
[SourceQuality "1"]
[TimeControl "40/6000+30:3000+30"]

1. e4 c5 2. Nc3 Nc6 3. f4 g6 4. Nf3 Bg7 5. a4 b6 6. Bc4 e6 7. d3 Nge7 8. O-O O-O 9. Qe1 d5 10. Bb3 Nb4 11. Qh4 Nec6 12. Qxd8 Rxd8 13. Na2 dxe4 14. Nxb4 Nxb4 15. dxe4 Ba6 16. c4 Rd3 17. Ra3 Rxb3 18. Rxb3 Bxc4 19. Rxb4 Bxf1 20. Rb3 Bc4 21. Re3 Rd8 22. e5 Bf8 23. Rc3 Rd1+ 24. Kf2 Rf1+ 25. Kg3 Bd5 26. Nd2 Rg1 27. Nf3 Rd1 28. Nd2 Be7 29. Nc4 h5 30. h3 Kf8 31. b3 Ke8 32. Ne3 Rd4 33. Nc2 Re4 34. Kf2 f6 35. Re3 Rxf4+ 36. Kg3 Rf1 37. Re1 Rxe1 38. Nxe1 Bxb3 39. exf6 Bxf6 40. a5 Bc3 41. Nd3 Bxa5 42. Nf4 Kf7 43. Nd3 Bc3 44. Bf4 a5 45. Bc7 c4 46. Ne5+ Kg7 47. Nc6 a4 48. Bxb6 a3 49. Bd4+ Bxd4 50. Nxd4 a2 51. Nxe6+ Kf6 52. Nf4 a1=Q 53. h4 Kf5 54. Nh3 c3 55. Kh2 c2 56. Ng5 Qe5+ 57. Kg1 c1=R+ 58. Kf2 Qe1+ 59. Kf3 Bd5+ 0-1

[Event "Caplin Hastings Masters 2023-24"]
[Site "Hastings"]
[Date "2023.12.28"]
[Round "1.21"]
[White "Arkell, Keith C"]
[Black "Boggarapu, Kritan"]
[Result "1-0"]
[ECO "D36"]
[WhiteElo "2371"]
[BlackElo "1857"]
[Annotator "ChessBase"]
[PlyCount "97"]
[EventDate "2023.12.18"]
[EventType "swiss"]
[EventCountry "ENG"]
[SourceTitle "playchess.com"]
[Source "ChessBase"]
[SourceQuality "1"]
[TimeControl "40/6000+30:3000+30"]

1. Nf3 d5 2. d4 Nf6 3. c4 c6 4. Nc3 e6 5. cxd5 exd5 6. Qc2 g6 7. Bg5 Be7 8. e3 Bf5 9. Bd3 Bxd3 10. Qxd3 Nbd7 11. Bh6 Bf8 12. Bxf8 Kxf8 13. b4 Kg7 14. O-O Re8 15. b5 c5 16. dxc5 Nxc5 17. Qd4 Nce4 18. Rfd1 Nxc3 19. Qxc3 Kg8 20. Rac1 Qb6 21. a4 Rac8 22. Qxc8 Rxc8 23. Rxc8+ Kg7 24. Rdc1 Qa5 25. R8c7 Ne4 26. Rxb7 Qxa4 27. b6 axb6 28. Ne5 Nd6 29. Rxb6 Qa3 30. Rcb1 f6 31. Nc6 h5 32. Nd4 Qa2 33. R6b2 Qa3 34. h4 g5 35. hxg5 fxg5 36. Rb6 Kf7 37. Rc6 g4 38. Nb5 Nxb5 39. Rxb5 Qa1+ 40. Kh2 Qe5+ 41. g3 Ke7 42. Rb7+ Kd8 43. Rg6 Kc8 44. Rf7 Qe8 45. Rgg7 Kb8 46. Rb7+ Ka8 47. Ra7+ Kb8 48. Rgb7+ Kc8 49. Ra8+ 1-0